Map: Traitor's Exile

Players

PureLegacy - Winner!

  • Race: Terran Terran
  • Spawn Location: 9:00

LOADBLASTER - Winner!

  • Race: Terran Terran
  • League: Master
  • Spawn Location: 12:00

rayzydayzy

  • Race: Terran Terran
  • League: Master
  • Spawn Location: 6:00

PadaMave

  • Race: Zerg Zerg
  • League: Master
  • Spawn Location: 5:00

VOD

Have the link to the VOD?

Description

Time

  • Played on: Nov. 22, 2018, 11:54 a.m.
  • Length: 5:41
Show
View Real Time Build Order
Export as new Build Order

PureLegacy Terran - Winner!

Build Orders:  

Get SALT Encoding   

  12  0:01  SCV  
  13  0:13  SCV  
  14  0:18  Supply Depot  
  14  0:25  SCV  
  15  0:30  Refinery  
  15  0:39  SCV  
  16  0:46  Barracks  
  16  0:52  SCV  
  17  1:03  Barracks  
  17  1:18  Barracks  
  17  1:21  SCV  
  18  1:34  Reaper  
  18  1:39  Orbital Command  
  19  1:47  Refinery  
  19  1:53  Reaper  
  20  2:00  Supply Depot  
  20  2:06  Reaper  
  20  2:08  Reaper  
  23  2:15  SCV  
  23  2:23  Supply Depot  
  23  2:25  Reaper  
  23  2:28  SCV  
  25  2:39  Reaper  
  25  2:41  Reaper  
  27  2:45  SCV  
  28  2:57  Reaper  
  29  3:01  Barracks  
  29  3:03  Barracks  
  29  3:09  Bunker  
  29  3:11  Reaper  
  30  3:17  Reaper  
  31  3:22  Supply Depot  
  29  3:36  Reaper  
  30  3:43  Reaper  
  30  3:50  Reaper  
  30  3:51  Reaper  
  32  4:07  Reaper  
  33  4:15  Reaper  
  34  4:21  Reaper  
  34  4:26  Reaper, Command Center  
  34  4:27  Supply Depot  
  35  4:32  Reaper  
  35  4:36  SCV  
  37  4:39  Reaper  
  38  4:48  SCV  
  38  4:52  Reaper  
  39  5:14  Barracks Tech Lab  
  41  5:15  SCV  
Show
View Real Time Build Order
Export as new Build Order

LOADBLASTER Terran - Winner!

Build Orders:  

Get SALT Encoding   

  12  0:00  SCV  
  13  0:13  SCV  
  14  0:18  Supply Depot  
  14  0:25  SCV  
  15  0:30  Refinery  
  15  0:39  SCV  
  16  0:45  Barracks  
  16  0:51  SCV  
  17  1:02  Barracks  
  17  1:07  SCV  
  18  1:18  Refinery  
  18  1:19  SCV  
  19  1:33  Reaper  
  19  1:37  Orbital Command  
  20  1:51  Factory  
  20  1:56  Reaper  
  21  2:04  Supply Depot  
  21  2:09  Reaper  
  21  2:12  SCV  
  23  2:26  SCV  
  25  2:36  Hellion  
  27  2:38  SCV  
  27  2:39  Starport  
  27  2:47  Supply Depot  
  27  2:49  Barracks Tech Lab  
  28  2:57  Hellion  
  29  3:05  Barracks Tech Lab  
  29  3:13  Marine  
  29  3:17  SCV  
  31  3:21  Bunker  
  31  3:32  Siege Tank  
  35  3:34  Supply Depot  
  35  3:36  Marine x2  
  36  3:41  SCV  
  36  3:46  Viking  
  39  3:55  Marine x2  
  39  4:04  Siege Tank  
  39  4:15  Marine  
  39  4:16  Command Center  
  38  4:20  Marine  
  39  4:24  SCV  
  39  4:27  Liberator  
  39  4:30  Supply Depot  
  39  4:33  Marine  
  39  4:36  SCV  
  39  4:38  Marine  
  41  4:48  SCV  
  42  4:58  Siege Tank  
  42  4:59  Marine  
  41  5:00  SCV  
  41  5:06  Marine  
  43  5:23  SCV  
  48  5:39  Supply Depot  
Show
View Real Time Build Order
Export as new Build Order

rayzydayzy Terran 

Build Orders:  

Get SALT Encoding   

  12  0:03  SCV  
  13  0:15  SCV  
  13  0:20  Supply Depot  
  14  0:28  SCV  
  15  0:33  Refinery  
  15  0:42  SCV  
  16  0:48  Barracks  
  16  0:56  SCV  
  17  1:08  Barracks  
  17  1:10  SCV  
  18  1:24  Barracks  
  18  1:38  Reaper  
  18  1:39  Orbital Command  
  19  1:46  Refinery  
  19  1:55  Reaper  
  20  2:02  Supply Depot  
  20  2:12  Reaper  
  20  2:13  Reaper  
  22  2:27  Supply Depot, Reaper  
  23  2:45  Reaper x2  
  25  2:56  Barracks  
  25  2:59  Reaper, SCV  
  27  3:07  Supply Depot  
  27  3:11  SCV  
  28  3:17  Supply Depot, Reaper x2  
  30  3:31  Reaper  
  26  3:38  SCV  
  27  3:47  Reaper  
  28  3:50  Reaper  
  28  3:52  Reaper  
  30  4:03  Reaper  
  31  4:14  SCV  
  32  4:17  Command Center  
  32  4:19  Reaper  
  32  4:22  Reaper  
  34  4:25  Engineering Bay  
  34  4:26  Reaper  
  34  4:44  Reaper  
  32  4:49  SCV  
  32  4:51  Reaper  
  34  4:59  Missile Turret  
  30  5:00  Missile Turret  
  30  5:01  Reaper  
  30  5:06  Reaper  
Show
View Real Time Build Order
Export as new Build Order

PadaMave Zerg 

Build Orders: Hatch First 

Get SALT Encoding   

  12  0:01  Drone  
  13  0:12  Overlord  
  13  0:18  Drone  
  14  0:31  Drone x2  
  14  0:34  Drone  
  17  0:58  Drone, Hatchery  
  17  1:01  Drone  
  18  1:04  Extractor  
  17  1:16  Spawning Pool  
  16  1:20  Drone  
  16  1:23  Drone  
  18  1:37  Overlord  
  18  1:39  Drone  
  19  2:03  Roach Warren  
  19  2:04  Queen  
  20  2:11  Queen  
  22  2:17  Overlord  
  21  2:45  Roach x2  
  21  2:46  Roach  
  27  2:54  Drone  
  27  2:55  Roach x2  
  32  3:01  Roach  
  34  3:20  Drone x2  
  34  3:21  Drone, Extractor  
  38  3:27  Roach x3  
  43  3:48  Ravager  
  41  3:58  Roach x2  
  40  4:07  Roach x3  
  42  4:23  Ravager  
  41  4:28  Overlord  
  41  4:42  Ravager  
  41  4:44  Ravager  
  43  4:45  Overlord  
  43  4:46  Overlord  
  43  5:10  Ravager  
  43  5:12  Roach x3  
Tags
 
Add a new tag
Caveats
  • Supply blocks, unpowered buildings, or Contaminate may cause inaccurate times.
  • Supply counts are checked every 10 seconds.